 Dungeon Crawl Stone Soup version 0.31-a0-1172-g9944ec47dd (webtiles) character file.

Game seed: 12545363233271618251

403 graki42 the Ruffian (level 6, -3/42 HPs)
             Began as an Octopode Shapeshifter on Dec 10, 2023.
             Slain by a gnoll
             ... wielding a +0 spear
             ... led by a gnoll bouda
              (8 damage)
             ... on level 4 of the Dungeon.
             The game lasted 00:05:20 (3086 turns).

graki42 the Ruffian (Octopode Shapeshifter)         Turns: 3086, Time: 00:05:20

Health: -3/42      AC:  1    Str: 15    XL:     6   Next: 86%
Magic:  6/6        EV: 14    Int: 13    God:
Gold:   246        SH:  0    Dex: 11    Spells: 5/5 levels left

rFire   . .          .
                       - Unarmed
rCold   . . .        (no shield)
rNeg    . . .        (helmet currently unavailable)
rPois   .            (no amulet)
rElec   .            (no ring)
rCorr   .            (no ring)
SInv    .            (no ring)
Will    .....        (no ring)
Stlth   ++           (no ring)
HPRegen 0.27/turn    (no ring)
MPRegen 0.10/turn    (no ring)
                     (no ring)

%: no passive effects
@: beast-form
A: beast (slay +2), almost no armour, amphibious, 8 rings, camouflage 1,
gelatinous body 1, (nimble swimmer 1), tentacles
a: Begin Untransformation


You were on level 4 of the Dungeon.
You were a hulking beast.
You visited 1 branch of the dungeon, and saw 4 of its levels.

You collected 246 gold pieces.

Inventory:

Missiles
 j - a throwing net
Talismans
 b - a beast talisman (active)
 c - a flux talisman
Scrolls
 d - 2 scrolls of silence {unknown}
 f - 3 scrolls of amnesia {unknown}
 g - 3 scrolls of teleportation {unknown}
 i - a scroll of noise {unknown}
 l - 3 scrolls of identify {unknown}
Potions
 a - a potion of lignification
 e - 2 potions of degeneration {unknown}
 h - a potion of might {unknown}
 k - a potion of curing {unknown}
 m - 2 potions of experience {unknown}


   Skills:
 + Level 3.4 Fighting
 + Level 3.8 Dodging
 + Level 4.5 Unarmed Combat
 + Level 4.3 Shapeshifting


You had 5 spell levels left.
You didn't know any spells.
Your spell library contained the following spells:

 Spells                   Type           Power      Damage    Failure   Level
 Lesser Beckoning         Tloc           0%         N/A       43%         2
 Gell's Gravitas          Tloc           0%         N/A       67%         3
 Teleport Other           Tloc           0%         N/A       67%         3
 Tukima's Dance           Hex            0%         N/A       67%         3
 Dimensional Bullseye     Hex/Tloc       0%         N/A       97%         4
 Iskenderun's Mystic Bla  Conj/Tloc      0%         2d3       97%         4
 Summon Lightning Spire   Summ/Air       0%         N/A       97%         4
 Lee's Rapid Deconstruct  Erth           0%         3d4*      100%        5
 Animate Armour           Summ/Erth      Unusable   N/A       N/A         4

Dungeon Overview and Level Annotations

Branches:
Dungeon (4/15)
 Temple: D:4-7

Altars:
Uskayaw


Innate Abilities, Weirdness & Mutations

You are a hulking beast.
Your limbs bulge with bestial killing power. (Slay +2)
You cannot wear most types of armour.
You are amphibious.
You can wear up to eight rings at the same time.
Your skin changes colour to match your surroundings (Stealth+).
Your rubbery body absorbs attacks. (AC +1, EV +1)
((You are camouflaged when in or above water. (Stealth+)))
You have tentacles for arms and can constrict up to eight enemies at once.


Message History

The gnoll hits you from afar with a +0 spear.
The gnoll closely misses you.
The gnoll bouda barks out a call to the hunt!
The gnolls pick up the pace!
You tentacle-slap the gnoll bouda but do no damage.
The gnoll bouda is lightly wounded.
You constrict the gnoll bouda.
The gnoll hits you from afar with a +0 spear. x2
The gnoll bouda completely misses you.
You tentacle-slap the gnoll bouda.
The gnoll bouda is heavily wounded.
You constrict the gnoll bouda.
The gnoll hits you from afar with a +0 spear. x2
The gnoll bouda struggles to escape constriction.
You tentacle-slap the gnoll bouda.
The gnoll bouda is severely wounded.
You constrict the gnoll bouda.
The gnoll hits you from afar with a +0 spear.
The gnoll hits you from afar with a +0 spear!
* * * LOW HITPOINT WARNING * * *
The gnoll bouda escapes!
You tentacle-slap the gnoll bouda. You grab the gnoll bouda.
The gnoll bouda is almost dead.
You constrict the gnoll bouda.
You kill the gnoll bouda!
The gnoll barely misses you.
The gnoll hits you from afar with a +0 spear.
* * * LOW HITPOINT WARNING * * *
The gnoll misses you. x2
There is a stone staircase leading down here.
You see here a +0 spear.
You tentacle-slap the gnoll. Your grab misses the gnoll.
The gnoll is lightly wounded.
The gnoll hits you from afar with a +0 spear.
* * * LOW HITPOINT WARNING * * *
The gnoll barely misses you.
You tentacle-slap the gnoll. Your grab misses the gnoll.
The gnoll is heavily wounded.
The gnoll hits you from afar with a +0 spear!
You die...

.... ########.# #..
.....?...#......#.###..
..........#......#...#..
..........#......#...#..
..........#......#...#..
..........#....####.####
......g........#.......#
#....#.).#....#.......#
#...wgh.......#.......#
#....#...####....._....
#.## #...# ###.......#
##### ## #÷......#
##..#....÷÷÷#
....####.####
###...........
.............
##...........


You could see 2 gnolls and a dart slug.

Vanquished Creatures
  Pargi (D:3)
  2 jellies
  A gnoll bouda (D:4)
  A hound (D:4)
  A sleepcap (D:3)
  2 gnolls
  7 adders
  3 worms (D:2)
  A dart slug (D:1)
  2 orcs
  5 bats
  4 endoplasms
  4 giant cockroaches
  10 hobgoblins
  4 jackals (D:2)
  4 kobolds
  3 quokkas (D:2)
  4 ball pythons
  A frilled lizard (D:2)
  7 goblins
  5 rats
72 creatures vanquished.

Notes
Turn   | Place    | Note
-------+----------+-------------------------------------------
     0 | D:1      | graki42 the Octopode Shapeshifter began the quest for the
                  | Orb.
     0 | D:1      | Reached XP level 1. HP: 13/13 MP: 1/1
   101 | D:1      | Reached XP level 2. HP: 6/18 MP: 2/2
   212 | D:1      | Reached XP level 3. HP: 23/23 MP: 3/3
   770 | D:2      | Reached XP level 4. HP: 19/29 MP: 4/4
  1149 | D:2      | Found a faded altar of an unknown god.
  1551 | D:3      | Noticed Pargi
  1565 | D:3      | Killed Pargi
  1566 | D:3      | Reached XP level 5. HP: 6/35 MP: 5/5
  1702 | D:3      | Reached XP level 6. HP: 23/41 MP: 6/6
  2679 | D:4      | Found a hide-covered altar of Uskayaw.
  3086 | D:4      | Slain by a gnoll

Illustrated notes

Levels and vault maps discovered:
D:1:      grunt_arrival_lava_bath, layout_rooms
D:2:      layout_basic, basic_ecumenical_altar
D:3:      minmay_door_path, layout_loops_ring, kennysheep_generic_room_12,
          uniq_pargi
D:4:      layout_basic, lemuel_round_altar,
          nicolae_uskayaw_murder_on_the_dancefloor,
          minmay_temple_entry_statues_pillars, nicolae_shop_clearance

Skill      XL: |  1  2  3  4  5  6 |
---------------+-------------------+-----
Fighting       | 2 3 |  3.4
Dodging        | 3 |  3.8
Unarmed Combat | 4 |  4.5
Shapeshifting  | 4 |  4.3

Action                     |  1- 3 |  4- 6 || total
---------------------------+-------+-------++-------
  Melee: Unarmed           |    64 |    89 ||   153
         Tentacles         |    10 |    17 ||    27
         Constrict         |    14 |    20 ||    34
         Punch             |       |     5 ||     5
   Stab: Sleeping          |     4 |    11 ||    15
 Armour: Skin              |    14 |    57 ||    71
  Dodge: Dodged            |    38 |    51 ||    89
   Form: Flux              |     1 |       ||     1
         Beast             |     1 |       ||     1

Table legend: (Time is in decaauts)
 A = Elapsed time spent in this place.
 B = Non-inter-level travel time spent in this place.
 C = Inter-level travel time spent in this place.
 D = Time resting spent in this place.
 E = Time spent auto-exploring this place.
 F = Levels seen in this place.
 G = Mean time per level.
                   A        B        C        D        E       F      G
               +--------+--------+--------+--------+--------+-----+--------+
         Total |   3073 |   3008 |     65 |      0 |   2578 |   4 |  768.2 |
       Dungeon |   3073 |   3008 |     65 |      0 |   2578 |   4 |  768.2 |
               +--------+--------+--------+--------+--------+-----+--------+

Top non-repeatable levels by time:
     D:3: 1202 daAuts
     D:2: 951 daAuts
     D:1: 494 daAuts
     D:4: 424 daAuts
